 Dungeon Crawl Stone Soup version 0.20.1-1-g8b1a95d (webtiles) character file.

1521 gobwax the Arsonist (level 8, 0/41 HPs)
             Began as a Deep Elf Fire Elementalist on July 5, 2017.
             Was a Follower of Vehumet.
             Slain by Frqise's ghost (10 damage)
             ... on level 5 of the Dungeon.
             The game lasted 00:17:28 (4491 turns).

gobwax the Arsonist (Deep Elf Fire Elementalist)    Turns: 4491, Time: 00:17:29

Health: 0/41       AC:  5    Str:  5    XL:     8   Next: 54%
Magic:  0/21       EV: 16    Int: 23    God:    Vehumet [*.....]
Gold:   270        SH:  0    Dex: 15    Spells: 11/21 levels left

rFire    + . .     SeeInvis .   B - +2 long sword (freeze)
rCold    . . .     Gourm    .   (no shield)
rNeg     . . .     Faith    .   q - +2 robe {rF+}
rPois    .         Spirit   .   g - +0 helmet
rElec    .         Reflect  .   (no cloak)
rCorr    .         Harm     .   (no gloves)
MR       .....                  (no boots)
Stlth    ++........             h - amulet of magic regeneration
Regen    0.2/turn               j - +3 ring of evasion
MPRegen  0.3/turn               (no ring)

@: berserk cooldown
A: no striking features
a: Renounce Religion


You were on level 5 of the Dungeon.
You worshipped Vehumet.
Vehumet was aware of your devotion.
You were not hungry.

You visited 1 branch of the dungeon, and saw 5 of its levels.

You collected 270 gold pieces.

Inventory:

Hand Weapons
 B - a +2 long sword of freezing (weapon)
Armour
 a - a +1 robe
 g - a +0 helmet (worn)
 q - a +2 robe of fire resistance (worn)
Jewellery
 h - an amulet of magic regeneration (around neck)
 j - a +3 ring of evasion (left hand)
Wands
 i - a wand of flame (48/48)
Scrolls
 e - 2 scrolls of teleportation
 n - a scroll of identify
 s - a scroll of fear {unknown}
 t - a scroll of immolation
 u - 2 scrolls of remove curse
 y - a scroll of enchant armour
Potions
 k - a potion of berserk rage
 o - a potion of resistance {unknown}
 r - a potion of brilliance {unknown}
 v - a potion of might {unknown}
 w - 2 potions of lignification {unknown}
 z - a potion of ambrosia {unknown}
Books
 b - a book of Flames

   Spells                             Type                      Level
   a - Flame Tongue                   Conjuration/Fire             1
   b - Throw Flame                    Conjuration/Fire             2
   c - Conjure Flame                  Conjuration/Fire             3
   d - Inner Flame                    Hexes/Fire                   3
   e - Sticky Flame                   Conjuration/Fire             4
   f - Fireball                       Conjuration/Fire             5
 x - a book of Misfortune

   Spells                             Type                      Level
   a - Confusing Touch                Hexes                        1
   b - Confuse                        Hexes                        3
   c - Gell's Gravitas                Translocation                3
   d - Petrify                        Transmutation/Earth          4
   e - Metabolic Englaciation         Hexes/Ice                    5
   f - Yara's Violent Unravelling     Hexes/Transmutation          5
Comestibles
 c - 2 bread rations
 d - 6 royal jellies
 f - 7 fruits
 p - 2 meat rations


   Skills:
 - Level 2.4 Dodging
 - Level 2.4 Stealth
 + Level 7.3 Spellcasting
 * Level 7.2 Conjurations
 * Level 8.1 Fire Magic


You had 11 spell levels left.
You knew the following spells:

 Your Spells              Type           Power        Failure   Level  Hunger
a - Flame Tongue          Conj/Fire      #####        1%          1    None
b - Throw Flame           Conj/Fire      #####.       1%          2    None
c - Conjure Flame         Conj/Fire      #####...     1%          3    None
d - Sticky Flame          Conj/Fire      #####...     3%          4    ###....


Dungeon Overview and Level Annotations

Branches:
Dungeon (5/15)             Temple (0/1) D:4

Altars:
Ru
Vehumet

Shops:
D:5 *

Annotations:
D:5 Frqise's ghost, novice HOFi


Message History

Frqise's ghost is almost destroyed.
Frqise's ghost hits you. Frqise's ghost freezes you.
Casting: Flame Tongue
Confirm with . or Enter, or press ? or * to list all spells.
Aiming: Flame Tongue
Press: ? - help, Shift-Dir - straight line, f/p - Frqise's ghost
Aim: Frqise's ghost, wielding a weapon of freezing (almost destroyed)
The flame tongue hits Frqise's ghost.
Frqise's ghost is almost destroyed.
Frqise's ghost hits you! Frqise's ghost freezes you.
* * * LOW HITPOINT WARNING * * *
Casting: Flame Tongue
Confirm with . or Enter, or press ? or * to list all spells.
Aiming: Flame Tongue
Press: ? - help, Shift-Dir - straight line, f/p - Frqise's ghost
Aim: Frqise's ghost, wielding a weapon of freezing (almost destroyed)
The flame tongue hits Frqise's ghost.
Frqise's ghost is almost destroyed.
Frqise's ghost hits you!
You die...

#.# #..(..####.##.# ####.##
#.....# #.##<# ......#
#.#.#.####..#.# ......#
#####........##.#.#
####..###............##.#.#
...#..##...###.......##.#.#
##.#....)...............#.# ###
##.##.##...##........##.#.# #..
..........##....@W[.......#####..
##...................##..........
.#..##########################.#.
.....# #... ....## #... .###.#
#.#. .# .# #...' #.#. .# .. #...#
#.#. .# ### ## #..W# #####.#.


You could see Frqise's ghost.

Vanquished Creatures
  Prince Ribbit (D:5)
  The ghost of Setanta the Covert, an amateur OpAs (D:4)
  Menkaure (D:5)
  2 ogres
  A centaur (D:5)
  2 howler monkeys
  A centaur zombie (D:4)
  3 hounds
  A centaur skeleton (D:4)
  A jelly (D:5)
  A bullfrog skeleton (D:4)
  Jessica (D:3)
  2 iguanas
  Terence (D:2)
  3 worker ants
  Natasha (thrice) (D:3)
  Robin (D:3)
  10 adders
  A howler monkey skeleton (D:4)
  2 shadow imps (D:5)
  An ooze (D:1)
  An adder skeleton (D:5)
  A dart slug (D:1)
  6 leopard geckos
  2 orcs
  2 ball pythons
  9 giant cockroaches
  10 hobgoblins
  8 jackals
  15 kobolds
  A quokka (D:5)
  6 bats
  8 frilled lizards
  12 goblins
  3 rats
124 creatures vanquished.

Notes
Turn   | Place    | Note
-------+----------+-------------------------------------------
     0 | D:1      | gobwax the Deep Elf Fire Elementalist began the quest for the Orb.
     0 | D:1      | Reached XP level 1. HP: 10/10 MP: 6/6
   268 | D:1      | Reached skill level 4 in Fire Magic
   268 | D:1      | Reached XP level 2. HP: 15/15 MP: 2/8
   534 | D:1      | Reached XP level 3. HP: 19/19 MP: 6/9
   539 | D:1      | Learned a level 2 spell: Throw Flame
   543 | D:1      | Learned a level 3 spell: Conjure Flame
  1064 | D:2      | Noticed Terence
  1075 | D:2      | Killed Terence
  1075 | D:2      | Reached XP level 4. HP: 24/24 MP: 2/12
  1081 | D:2      | Learned a level 4 spell: Sticky Flame
  1373 | D:2      | Found a radiant altar of Vehumet.
  1730 | D:3      | Noticed Jessica
  1858 | D:3      | Killed Jessica
  1858 | D:3      | Reached XP level 5. HP: 24/28 MP: 2/13
  2030 | D:3      | Reached skill level 5 in Fire Magic
  2152 | D:3      | Noticed Natasha
  2196 | D:3      | Noticed Robin
  2246 | D:3      | Killed Robin
  2458 | D:3      | Killed Natasha
  2496 | D:2      | Became a worshipper of Vehumet
  2554 | D:3      | Noticed Natasha
  2559 | D:3      | Killed Natasha
  2694 | D:3      | Noticed Natasha
  2708 | D:3      | Killed Natasha
  2708 | D:3      | Reached XP level 6. HP: 27/32 MP: 12/15
  2937 | D:4      | Noticed Setanta's ghost (amateur OpAs)
  2945 | D:4      | Killed Setanta's ghost
  2945 | D:4      | Reached skill level 5 in Spellcasting
  2945 | D:4      | Reached skill level 6 in Fire Magic
  3105 | D:4      | Found a staircase to the Ecumenical Temple.
  3126 | D:4      | Reached skill level 5 in Conjurations
  3126 | D:4      | Reached XP level 7. HP: 36/36 MP: 0/17
  3923 | D:5      | Entered Level 5 of the Dungeon
  3943 | D:5      | Found Erghoalea's Assorted Antiques.
  4012 | D:5      | Reached * piety under Vehumet
  4012 | D:5      | Offered knowledge of Magic Dart by Vehumet.
  4027 | D:5      | Found a sacrificial altar of Ru.
  4104 | D:5      | Noticed Prince Ribbit
  4115 | D:5      | Killed Prince Ribbit
  4115 | D:5      | Reached skill level 7 in Fire Magic
  4115 | D:5      | Reached XP level 8. HP: 35/41 MP: 6/19
  4300 | D:5      | Noticed Menkaure
  4303 | D:5      | Killed Menkaure
  4408 | D:5      | Noticed Frqise's ghost (novice HOFi)
  4419 | D:5      | Reached skill level 8 in Fire Magic
  4491 | D:5      | Slain by Frqise's ghost

Skill      XL: |  1  2  3  4  5  6  7  8 |
---------------+-------------------------+-----
Fire Magic     | 4 5 6 7 8 |  8.1
Spellcasting   | 4 5 6 7 |  7.3
Conjurations   | 2 3 5 6 7 |  7.2
Dodging        | |  2.4
Stealth        | |  2.4

Action                   |  1- 3 |  4- 6 |  7- 9 || total
-------------------------+-------+-------+-------++-------
Melee: Unarmed           |     2 |     1 |       ||     3
 Cast: Flame Tongue      |    57 |    50 |    80 ||   187
       Throw Flame       |     9 |    54 |    32 ||    95
       Sticky Flame      |       |     3 |     4 ||     7
       Conjure Flame     |       |     1 |     7 ||     8
  Use: Scroll            |       |     7 |     2 ||     9
       Potion            |       |       |     2 ||     2
  Eat: Chunk             |       |     8 |     4 ||    12
Armor: Robe              |     3 |     3 |     1 ||     7
Dodge: Dodged            |    13 |    21 |    21 ||    55
       Rpst.: Long sword |       |       |     2 ||     2
